 Dungeon Crawl Stone Soup version 0.29.1-15-g9cfb28693d (webtiles) character file.

Game seed: 5897876505177460134

741 javelincjr the Schismatic (level 7, -7/55 HPs)
             Began as a Demonspawn Abyssal Knight on Mar 24, 2023.
             Was an Elder of Lugonu.
             Mangled by a kobold brigand
             ... wielding a +0 whip
              (10 damage)
             ... on level 5 of the Dungeon.
             The game lasted 00:16:35 (5980 turns).

javelincjr the Schismatic (DsAK)                    Turns: 5980, Time: 00:16:35

Health: -7/55      AC:  0    Str: 14    XL:     7   Next: 47%
Magic:  0/10       EV: 12    Int: 13    God:    Lugonu [****..]
Gold:   214        SH:  0    Dex: 13    Spells: 10/10 levels left

rFire   x . .      SeeInvis .   q - +1 spear (distort)
rCold   + . .      Faith    .   (no shield)
rNeg    . . .      Spirit   +   b - +0 leather armour
rPois   .          Reflect  .   (no helmet)
rElec   .          Harm     .   j - +1 cloak {Will+}
rCorr   .          Rampage  .   k - +0 pair of gloves
Will    +....                   (no boots)
Stlth   +.........              o - amulet of the acrobat
HPRegen 0.18/turn               i - ring of ice
MPRegen 0.24/turn               (no ring)

@: corroded, slowed, very slow
A: hooves 1, molten scales 1, powered by pain 1, magic shield, magic
regeneration
a: Renounce Religion, Depart the Abyss, Bend Space, Banish, Corrupt


You were on level 5 of the Dungeon.
You worshipped Lugonu.
Lugonu was greatly pleased with you.
You visited 2 branches of the dungeon, and saw 6 of its levels.
You visited the Abyss 1 time.
You also visited: Ossuary.

You collected 214 gold pieces.

Inventory:

Hand Weapons
 h - a +2 dagger of venom
 q - a +1 spear of distortion (weapon)
Armour
 b - a +0 leather armour (worn)
 j - a +1 cloak of willpower (worn)
 k - a +0 pair of gloves (worn)
Magical Staves
 e - a staff of fire
Jewellery
 i - a ring of ice (left hand)
 o - an amulet of the acrobat (around neck)
Wands
 d - a wand of flame (7)
Scrolls
 a - a scroll of blinking {unknown}
 g - a scroll of brand weapon
Potions
 c - 2 potions of brilliance
 f - a potion of might
 l - 2 potions of heal wounds {unknown}
 r - a potion of lignification {unknown}
 s - a potion of curing {unknown}
 t - a potion of ambrosia {unknown}


   Skills:
 + Level 4.6 Fighting
 + Level 3.5 Axes
 + Level 3.4 Armour
 + Level 3.1 Dodging
 + Level 2.4 Spellcasting
 + Level 5.1 Invocations


You had 10 spell levels left.
You didn't know any spells.
Your spell library contained the following spells:

 Spells                   Type           Power      Damage    Failure   Level
 Call Canine Familiar     Summ           1%         N/A       65%         3
 Portal Projectile        Hex/Tloc       2%         N/A       65%         3
 Tukima's Dance           Hex            1%         N/A       65%         3
 Leda's Liquefaction      Hex/Erth       0%         N/A       96%         4
 Blade Hands              Tmut           0%         N/A       100%        5


Dungeon Overview and Level Annotations

Branches:
Dungeon (5/15)             Temple (1/1) D:4         Ossuary (visited)

Altars:
Ashenzari
Cheibriados
Dithmenos
Hepliaklqana
Kikubaaqudgha
Makhleb
Nemelex Xobeh
Okawaru
Qazlal
Sif Muna
Uskayaw
Vehumet
Wu Jian
Xom

Shops:
D:2 :

Annotations:
D:3 1 runed translucent door, nroviw's ghost, amateur HOFi


Innate Abilities, Weirdness & Mutations

You have large cloven feet.
You are partially covered in molten scales. (AC +2)
You sometimes gain a little power by taking damage.
When hurt, damage is shared between your health and your magic reserves.
You regenerate magic rapidly.


Message History

Space warps around the kobold brigand.
The kobold brigand is moderately wounded.
The kobold brigand hits you with a +0 whip!
You hit the kobold brigand but do no damage.
The kobold brigand is moderately wounded.
The kobold brigand blinks!
The kobold brigand throws a curare-tipped dart.
The curare-tipped dart hits you.
You are poisoned.
You have difficulty breathing.
You feel yourself slow down.
You feel very sick.
You are too injured to fight recklessly!
You are too injured to fight recklessly!
You are too injured to fight recklessly!
You are too injured to fight recklessly!
You feel sick.
The kobold brigand hits you with a +0 whip!
You focus on the pain.
You feel your power returning. The kobold brigand closely misses you.
You barely miss the kobold brigand.
You kick the kobold brigand, but do no damage.
The kobold brigand is moderately wounded.
You feel sick.
The kobold brigand hits you with a +0 whip.
* * * LOW HITPOINT WARNING * * *
You hit the kobold brigand but do no damage.
Space warps around the kobold brigand.
The kobold brigand is heavily wounded.
You feel sick.
The kobold brigand hits you with a +0 whip!
* * * LOW HITPOINT WARNING * * *
The kobold brigand hits you with a +0 whip.
* * * LOW HITPOINT WARNING * * *
You miss the kobold brigand.
You kick the kobold brigand, but do no damage.
The kobold brigand is heavily wounded.
You feel sick.
You are no longer poisoned.
The kobold brigand hits you with a +0 whip!
You die...

........####.#.
#####............. #
#...####.#...#.#
#...####.##.##.######
#................ ...
#...#........#.# #..
#..............# #.#
#$.#......(..#.# #.#
#......[K@.....# #?#
#..#<.....)..#.# #.#
#..#.).........# #<#
#..#.........#.# #.#
#....##.####.#.# #.#
##.#...... .#
##.K#......
........... .. #.#
#.....
#####.##.####### #K
#...# ....#. # #.##


You could see a kobold brigand.

Vanquished Creatures
  An ogre (D:4)
  A black bear (D:4)
  A scorpion (D:4)
  A hound (D:5)
  A jelly (D:5)
  2 orc priests
  2 orc wizards (D:4)
  A mummy (Ossuary)
  5 gnolls
  11 adders
  4 dart slugs
  17 orcs
  2 spectral bats (Ossuary)
  An endoplasm (D:1)
  2 giant cockroaches
  8 gnoll zombies (Ossuary)
  6 goblins
  11 hobgoblins
  2 jackals (D:2)
  3 quokkas
  11 ball pythons
  5 bat simulacra (Ossuary)
  5 frilled lizards
  3 goblin simulacra (Ossuary)
  3 goblin zombies (Ossuary)
  5 hobgoblin zombies (Ossuary)
  8 kobolds
  5 kobold simulacra (Ossuary)
  6 kobold zombies (Ossuary)
  An orc zombie (Ossuary)
  7 rats
  3 rat simulacra (Ossuary)
  3 spectral kobolds (Ossuary)
  2 spectral rats (Ossuary)
149 creatures vanquished.

Vanquished Creatures (others)
  6 fungi (D:2)
  6 plants (D:2)
12 creatures vanquished.

Grand Total: 161 creatures vanquished

Notes
Turn   | Place    | Note
-------+----------+-------------------------------------------
     0 | Abyss:1  | javelincjr the Demonspawn Abyssal Knight began the quest
                  | for the Orb.
     0 | Abyss:1  | Reached XP level 1. HP: 18/18 MP: 2/2
    44 | Abyss:1  | Noticed a large abomination
    48 | Abyss:1  | Noticed a neqoxec
    52 | Abyss:1  | Noticed a large abomination
    54 | D:1      | Escaped the Abyss
   135 | D:1      | Reached skill level 1 in Dodging
   384 | D:1      | Gained mutation: You are partially covered in molten
                  | scales. (AC +2) [demonic ancestry]
   384 | D:1      | Reached XP level 2. HP: 24/24 MP: 4/4
  1180 | D:2      | Reached skill level 3 in Invocations
  1180 | D:2      | Gained mutation: You have large cloven feet. [demonic
                  | ancestry]
  1180 | D:2      | Reached XP level 3. HP: 15/29 MP: 5/5
  1384 | D:2      | Found a faded altar of an unknown god.
  1749 | D:2      | Found Jidoopuf's Book Shop.
  1964 | D:2      | Gained mutation: You regenerate magic rapidly. [demonic
                  | ancestry]
  1964 | D:2      | Reached XP level 4. HP: 33/35 MP: 6/6
  2381 | D:3      | Found a runed translucent door.
  2383 | D:3      | Noticed nroviw's ghost (amateur HOFi)
  3440 | D:3      | Gained mutation: You sometimes gain a little power by
                  | taking damage. [demonic ancestry]
  3440 | D:3      | Reached XP level 5. HP: 17/41 MP: 7/7
  4129 | D:4      | Reached skill level 1 in Spellcasting
  4136 | D:4      | Reached *** piety under Lugonu
  4210 | D:4      | Found a sand-covered staircase.
  4229 | Ossuary  | Entered an ossuary
  4420 | Ossuary  | Reached **** piety under Lugonu
  4422 | Ossuary  | Reached skill level 4 in Invocations
  4673 | D:4      | Gained mutation: When hurt, damage is shared between your
                  | health and your magic reserves. [demonic ancestry]
  4673 | D:4      | Reached XP level 6. HP: 44/48 MP: 9/9
  4737 | D:4      | Identified the +0 leather armour of Skepticism {Int+8}
  5064 | D:4      | Found a staircase to the Ecumenical Temple.
  5071 | D:4      | Reached XP level 7. HP: 55/55 MP: 10/10
  5076 | Temple   | Entered the Ecumenical Temple
  5335 | D:4      | Reached ***** piety under Lugonu
  5553 | D:5      | Entered Level 5 of the Dungeon
  5943 | D:5      | Reached skill level 5 in Invocations
  5980 | D:5      | Mangled by a kobold brigand

Illustrated notes

Levels and vault maps discovered:
D:1:      dpeg_arrival_round_b, layout_basic, st_stairs_7
D:2:      layout_basic, dreamdust_ecumenical_altar_hidden_monk_grotto,
          serial_shops, nicolae_shop_trees
D:3:      layout_loops_corners, ebering_ghost_inner_flame
D:4:      layout_loops_corners, temple_doors_cd,
          nicolae_ossuary_entry_false_entrances
D:5:      layout_loops_ring
Temple:   nicolae_temple_x_marks_the_god

Skill      XL: |  1  2  3  4  5  6  7 |
---------------+----------------------+-----
Dodging        | 1 2 3 |  3.1
Axes           | 2 3 |  3.5
Armour         | 2 3 |  3.4
Invocations    | 3 4 5 |  5.1
Spellcasting   | 1 2 |  2.4
Fighting       | 4 |  4.6

Action                   |  1- 3 |  4- 6 |  7- 9 || total
-------------------------+-------+-------+-------++-------
Melee: Hand axe          |   119 |    62 |       ||   181
       Kick              |    13 |    45 |    12 ||    70
       Punch             |       |     1 |       ||     1
       Spear             |       |   199 |    60 ||   259
Invok: Depart the Abyss  |     1 |       |       ||     1
       Bend Space        |       |     2 |       ||     2
       Banish            |       |       |     2 ||     2
  Use: Scroll            |       |     5 |     3 ||     8
       Potion            |       |       |     1 ||     1
 Stab: Sleeping          |       |     6 |       ||     6
Armor: Leather armour    |    33 |    54 |    20 ||   107
Dodge: Dodged            |    56 |   108 |    42 ||   206
